TOP OF THE 1ST |
Amarillo Archdukes batting - Pitching for Otsego Bulldogs : RHP Juan Moreno
|
Pitching: RHP Juan Moreno
|
|
Batting: LHB Michael Cook
|
0-0: Called Strike 0-1: Ball 1-1: Called Strike 1-2: Ball 2-2: Ground out 6-3 (Groundball, 6M)
|
Batting: RHB Miguel Hernández
|
0-0: Ball 1-0: Ball 2-0: Called Strike 2-1: Foul Ball, location: 2F 2-2: Strikes out swinging
|
Batting: SHB Víctor Serrano
|
0-0: Foul Ball, location: 2F 0-1: Foul Ball, location: 2F 0-2: Ball 1-2: Ball 2-2: Ball 3-2: Fly out, F9 (Line Drive, 9M)
|
Top of the 1st over - 0 run(s), 0 hit(s), 0 error(s), 0 left on base; Amarillo 0 - Otsego 0 |
BOTTOM OF THE 1ST |
Otsego Bulldogs batting - Pitching for Amarillo Archdukes : RHP Jeff Lawson
|
Pitching: RHP Jeff Lawson
|
|
Batting: LHB Gino Canio
|
0-0: Ball 1-0: Ball 2-0: Ball 3-0: Base on Balls
|
Batting: RHB Raúl Bauza
|
0-0: Ball 1-0: SINGLE (Flyball, 9S) Gino Canio to second Runner from 2nd tries for 3rd, SAFE, throw made to third
|
Batting: LHB José Costa
|
0-0: Ball 1-0: Foul Ball, location: 2F 1-1: 3-RUN HOME RUN (Line Drive, 7LD), Distance : 359 ft
|
Batting: RHB Vic Langlois
|
0-0: Swinging Strike 0-1: Called Strike 0-2: Ball 1-2: Strikes out swinging
|
Batting: RHB Cristo García
|
0-0: Fly out, F7 (Flyball, 78D)
|
Batting: RHB Juan Pérez
|
0-0: Ball 1-0: Called Strike 1-1: Foul Ball, location: 2F 1-2: Strikes out swinging
|
Bottom of the 1st over - 3 run(s), 2 hit(s), 0 error(s), 0 left on base; Amarillo 0 - Otsego 3 |
TOP OF THE 2ND |
Amarillo Archdukes batting - Pitching for Otsego Bulldogs : RHP Juan Moreno
|
Batting: LHB Héctor Martínez
|
0-0: Ball 1-0: Ground out 4-3 (Groundball, 4)
|
Batting: RHB Dave Parker
|
0-0: Called Strike 0-1: Called Strike 0-2: Ball 1-2: Foul Ball, location: 2F 1-2: Strikes out swinging
|
Batting: LHB Howard Lambert
|
0-0: Ball 1-0: Called Strike 1-1: DOUBLE (Flyball, 78XD)
|
Batting: RHB Nobuharu Hoshino
|
0-0: Called Strike 0-1: Swinging Strike 0-2: Fly out, F3 (Popup, 3)
|
Top of the 2nd over - 0 run(s), 1 hit(s), 0 error(s), 1 left on base; Amarillo 0 - Otsego 3 |
BOTTOM OF THE 2ND |
Otsego Bulldogs batting - Pitching for Amarillo Archdukes : RHP Jeff Lawson
|
Batting: RHB Luis Antonio Velásquez
|
0-0: Ball 1-0: Fly out, F8 (Flyball, 8LM)
|
Batting: RHB Armando Cuevas
|
0-0: Called Strike 0-1: Ball 1-1: Swinging Strike 1-2: Ball 2-2: Foul Ball, location: 2F 2-2: Ball 3-2: Foul Ball, location: 2F 3-2: SINGLE (Flyball, 8RM)
|
Batting: RHB Felipe Rego
|
0-0: Fly out, F3 (Popup, 3F)
|
Batting: LHB Gino Canio
|
0-0: Foul Ball, location: 2F 0-1: Foul Ball, location: 2F 0-2: Strikes out looking
|
Bottom of the 2nd over - 0 run(s), 1 hit(s), 0 error(s), 1 left on base; Amarillo 0 - Otsego 3 |
TOP OF THE 3RD |
Amarillo Archdukes batting - Pitching for Otsego Bulldogs : RHP Juan Moreno
|
Batting: RHB Ed Terry
|
0-0: Called Strike 0-1: Ball 1-1: Foul Ball, location: 2F 1-2: Strikes out looking
|
Batting: RHB Dong-kwan Han
|
0-0: Ball 1-0: Foul Ball, location: 2F 1-1: Swinging Strike 1-2: Strikes out swinging
|
Batting: LHB Michael Cook
|
0-0: Ball 1-0: Ball 2-0: Called Strike 2-1: Ball 3-1: Swinging Strike 3-2: Base on Balls
|
Batting: RHB Miguel Hernández
|
0-0: Ball 1-0: Ball 2-0: Called Strike 2-1: Called Strike Michael Cook steals 2nd base 2-2: Foul Ball, location: 2F 2-2: Strikes out swinging
|
Top of the 3rd over - 0 run(s), 0 hit(s), 0 error(s), 1 left on base; Amarillo 0 - Otsego 3 |
BOTTOM OF THE 3RD |
Otsego Bulldogs batting - Pitching for Amarillo Archdukes : RHP Jeff Lawson
|
Batting: RHB Raúl Bauza
|
0-0: Swinging Strike 0-1: Ball 1-1: Ball 2-1: Called Strike 2-2: Foul Ball, location: 2F 2-2: Strikes out swinging
|
Batting: LHB José Costa
|
0-0: Called Strike 0-1: Ball 1-1: Fly out, F7 (Flyball, 78M)
|
Batting: RHB Vic Langlois
|
0-0: Called Strike 0-1: Foul Ball, location: 2F 0-2: Ball 1-2: Foul Ball, location: 2F 1-2: SOLO HOME RUN (Flyball, 7LD), Distance : 364 ft
|
Batting: RHB Cristo García
|
0-0: Ball 1-0: Ball 2-0: Ball 3-0: Base on Balls
|
Batting: RHB Juan Pérez
|
0-0: Ball 1-0: Called Strike 1-1: Foul Ball, location: 2F 1-2: Ground out 4-3 (Groundball, 4)
|
Bottom of the 3rd over - 1 run(s), 1 hit(s), 0 error(s), 1 left on base; Amarillo 0 - Otsego 4 |
TOP OF THE 4TH |
Amarillo Archdukes batting - Pitching for Otsego Bulldogs : RHP Juan Moreno
|
Batting: SHB Víctor Serrano
|
0-0: Swinging Strike 0-1: Ball 1-1: Foul Ball, location: 2F 1-2: Ground out 2-3 (Groundball, 23)
|
Batting: LHB Héctor Martínez
|
0-0: Ball 1-0: Ball 2-0: Ball 3-0: Called Strike 3-1: Ground out 6-3 (Groundball, 6M)
|
Batting: RHB Dave Parker
|
0-0: Ball 1-0: Ball 2-0: Swinging Strike 2-1: Foul Ball, location: 2F 2-2: Foul Ball, location: 2F 2-2: Ball 3-2: Foul Ball, location: 2F 3-2: Base on Balls
|
Batting: LHB Howard Lambert
|
0-0: Foul Ball, location: 2F 0-1: Ball 1-1: Foul Ball, location: 2F 1-2: Foul Ball, location: 2F 1-2: Foul Ball, location: 2F 1-2: Ball 2-2: Strikes out looking
|
Top of the 4th over - 0 run(s), 0 hit(s), 0 error(s), 1 left on base; Amarillo 0 - Otsego 4 |
BOTTOM OF THE 4TH |
Otsego Bulldogs batting - Pitching for Amarillo Archdukes : RHP Jeff Lawson
|
Batting: RHB Luis Antonio Velásquez
|
0-0: Ball 1-0: Called Strike 1-1: Ground out 4-3 (Groundball, 4M)
|
Batting: RHB Armando Cuevas
|
0-0: Ball 1-0: Called Strike 1-1: Foul Ball, location: 2F 1-2: Strikes out looking
|
Batting: RHB Felipe Rego
|
0-0: Ball 1-0: Fly out, F6 (Line Drive, 6)
|
Bottom of the 4th over - 0 run(s), 0 hit(s), 0 error(s), 0 left on base; Amarillo 0 - Otsego 4 |
TOP OF THE 5TH |
Amarillo Archdukes batting - Pitching for Otsego Bulldogs : RHP Juan Moreno
|
Batting: RHB Nobuharu Hoshino
|
0-0: Called Strike 0-1: Foul Ball, location: 2F 0-2: Ball Single, Error in OF, E9, batter to second base
|
Batting: RHB Ed Terry
|
0-0: Called Strike 0-1: Called Strike 0-2: Ball 1-2: Foul Ball, location: 2F 1-2: Strikes out swinging
|
Batting: RHB Dong-kwan Han
|
0-0: Ball 1-0: Ball 2-0: Called Strike 2-1: Foul Ball, location: 2F 2-2: Foul Ball, location: 2F 2-2: Fly out, F8 (Flyball, 78XD) Runner from 2nd tags up, SAFE at 3rd, no throw
|
Pitching: RHP Willie St. John
|
|
Batting: LHB Michael Cook
|
0-0: Ball 1-0: Ball 2-0: Ball 3-0: Foul Ball, location: 2F 3-1: SINGLE (Groundball, 4MD) Nobuharu Hoshino scores
|
Batting: RHB Miguel Hernández
|
0-0: Foul Ball, location: 2F 0-1: Called Strike 0-2: Foul Ball, location: 2F 0-2: Ground out U3 (Groundball, 3)
|
Top of the 5th over - 1 run(s), 2 hit(s), 1 error(s), 1 left on base; Amarillo 1 - Otsego 4 |
BOTTOM OF THE 5TH |
Otsego Bulldogs batting - Pitching for Amarillo Archdukes : RHP Jeff Lawson
|
Batting: LHB Gino Canio
|
0-0: Ball 1-0: Ground out 4-3 (Groundball, 4)
|
Batting: RHB Raúl Bauza
|
0-0: Ball 1-0: Foul Ball, location: 2F 1-1: Ball 2-1: Foul Ball, location: 2F 2-2: Fly out, F8 (Popup, 4MD)
|
Batting: LHB José Costa
|
0-0: Ball 1-0: Foul Ball, location: 2F 1-1: DOUBLE (Line Drive, 78M)
|
Batting: RHB Vic Langlois
|
0-0: Ball 1-0: Foul Ball, location: 2F 1-1: Foul Ball, location: 2F 1-2: Ball 2-2: Foul Ball, location: 2F 2-2: Ball 3-2: Foul Ball, location: 2F 3-2: Strikes out swinging
|
Bottom of the 5th over - 0 run(s), 1 hit(s), 0 error(s), 1 left on base; Amarillo 1 - Otsego 4 |
TOP OF THE 6TH |
Amarillo Archdukes batting - Pitching for Otsego Bulldogs : RHP Willie St. John
|
Batting: SHB Víctor Serrano
|
0-0: Ball 1-0: Ball 2-0: Called Strike 2-1: Ball 3-1: Swinging Strike 3-2: Foul Ball, location: 2F 3-2: Foul Ball, location: 2F 3-2: Strikes out swinging
|
Batting: LHB Héctor Martínez
|
0-0: Ball 1-0: Foul Ball, location: 2F 1-1: Ball 2-1: Ball 3-1: Base on Balls
|
Batting: RHB Dave Parker
|
0-0: Called Strike 0-1: Ball 1-1: Ball 2-1: Ball 3-1: Called Strike 3-2: Strikes out looking
|
Batting: LHB Howard Lambert
|
0-0: Called Strike 0-1: Ball 1-1: Foul Ball, location: 2F 1-2: Ball 2-2: Fly out, F7 (Flyball, 7S)
|
Top of the 6th over - 0 run(s), 0 hit(s), 0 error(s), 1 left on base; Amarillo 1 - Otsego 4 |
BOTTOM OF THE 6TH |
Otsego Bulldogs batting - Pitching for Amarillo Archdukes : RHP Jeff Lawson
|
Batting: RHB Cristo García
|
0-0: Called Strike 0-1: Fly out, F7 (Flyball, 7D)
|
Batting: RHB Juan Pérez
|
0-0: Ball 1-0: Foul Ball, location: 2F 1-1: Foul Ball, location: 2F 1-2: Ball 2-2: DOUBLE (Line Drive, 9LM)
|
Batting: RHB Luis Antonio Velásquez
|
0-0: Called Strike 0-1: Called Strike 0-2: Ball 1-2: Ground out 2-3 (Groundball, 2L) Juan Pérez to third
|
Batting: RHB Armando Cuevas
|
0-0: Swinging Strike 0-1: Fly out, F7 (Line Drive, 7D)
|
Bottom of the 6th over - 0 run(s), 1 hit(s), 0 error(s), 1 left on base; Amarillo 1 - Otsego 4 |
TOP OF THE 7TH |
Amarillo Archdukes batting - Pitching for Otsego Bulldogs : RHP Willie St. John
|
Batting: RHB Nobuharu Hoshino
|
0-0: Called Strike 0-1: Foul Ball, location: 2F 0-2: Ball 1-2: Foul Ball, location: 2F 1-2: Ball 2-2: Strikes out swinging
|
Batting: RHB Ed Terry
|
0-0: Fly out, F7 (Flyball, 7LSF)
|
Batting: RHB Dong-kwan Han
|
0-0: Swinging Strike 0-1: Foul Ball, location: 2F 0-2: Strikes out swinging
|
Top of the 7th over - 0 run(s), 0 hit(s), 0 error(s), 0 left on base; Amarillo 1 - Otsego 4 |
BOTTOM OF THE 7TH |
Otsego Bulldogs batting - Pitching for Amarillo Archdukes : RHP Jeff Lawson
|
Pitching: RHP Frederick Kern
|
|
Batting: RHB Felipe Rego
|
0-0: Ball 1-0: Ball 2-0: Called Strike 2-1: Swinging Strike 2-2: Foul Ball, location: 2F 2-2: Strikes out swinging
|
Batting: LHB Gino Canio
|
0-0: Called Strike 0-1: Foul Ball, location: 2F 0-2: Ground out 3-1 (Groundball, 34S)
|
Batting: RHB Raúl Bauza
|
0-0: Swinging Strike 0-1: Foul Ball, location: 2F 0-2: Ball 1-2: Strikes out looking
|
Bottom of the 7th over - 0 run(s), 0 hit(s), 0 error(s), 0 left on base; Amarillo 1 - Otsego 4 |
TOP OF THE 8TH |
Amarillo Archdukes batting - Pitching for Otsego Bulldogs : RHP Willie St. John
|
Pitching: RHP Artie Downing
|
|
Batting: LHB Michael Cook
|
0-0: Called Strike 0-1: Foul Ball, location: 2F 0-2: Ball 1-2: Ball 2-2: Ground out 4-3 (Groundball, 4)
|
Batting: RHB Miguel Hernández
|
0-0: Ball 1-0: Foul Ball, location: 2F 1-1: Ground out 4-3 (Groundball, 4)
|
Batting: SHB Víctor Serrano
|
0-0: Called Strike 0-1: Ball 1-1: Fly out, F8 (Flyball, 8LD)
|
Top of the 8th over - 0 run(s), 0 hit(s), 0 error(s), 0 left on base; Amarillo 1 - Otsego 4 |
BOTTOM OF THE 8TH |
Otsego Bulldogs batting - Pitching for Amarillo Archdukes : RHP Frederick Kern
|
Batting: LHB José Costa
|
0-0: Called Strike 0-1: Ball 1-1: Called Strike 1-2: Ball 2-2: Foul Ball, location: 2F 2-2: Ball 3-2: Base on Balls
|
Batting: RHB Vic Langlois
|
0-0: Called Strike 0-1: Foul Ball, location: 2F 0-2: Foul Ball, location: 2F 0-2: Ball 1-2: Foul Ball, location: 2F 1-2: Ball 2-2: Foul Ball, location: 2F 2-2: Grounds into double play, 6-4-3 (Groundball, 6D)
|
Batting: RHB Cristo García
|
0-0: Called Strike 0-1: Foul Ball, location: 2F 0-2: Ball 1-2: Ball 2-2: Ball 3-2: Strikes out swinging
|
Bottom of the 8th over - 0 run(s), 0 hit(s), 0 error(s), 0 left on base; Amarillo 1 - Otsego 4 |
TOP OF THE 9TH |
Amarillo Archdukes batting - Pitching for Otsego Bulldogs : RHP Artie Downing
|
Pitching: RHP Ricardo Trujillo
|
|
Batting: LHB Héctor Martínez
|
0-0: Called Strike 0-1: Foul Ball, location: 2F 0-2: Ball 1-2: Hit by Pitch
|
Batting: RHB Dave Parker
|
0-0: Foul Ball, location: 2F 0-1: Foul Ball, location: 2F 0-2: Foul Ball, location: 2F 0-2: Ball 1-2: Strikes out swinging
|
Batting: LHB Howard Lambert
|
0-0: Ball 1-0: Ball 2-0: DOUBLE (Line Drive, 9LM) Héctor Martínez to third
|
Batting: RHB Nobuharu Hoshino
|
0-0: Called Strike 0-1: DOUBLE (Flyball, 8LXD) Héctor Martínez scores Howard Lambert scores
|
Pinch Hitting: LHB Chris Pryor
|
0-0: Ball 1-0: Called Strike 1-1: Swinging Strike 1-2: Foul Ball, location: 2F 1-2: Ball 2-2: Foul Ball, location: 2F 2-2: Foul Ball, location: 2F 2-2: Ball 3-2: Base on Balls
|
Batting: RHB Dong-kwan Han
|
0-0: Ball 1-0: Fly out, F7 (Flyball, 7LM)
|
Batting: LHB Michael Cook
|
0-0: Ball 1-0: Ball 2-0: Foul Ball, location: 2F 2-1: Foul Ball, location: 2F 2-2: Ball 3-2: Foul Ball, location: 2F 3-2: TRIPLE (Flyball, 9LD) Nobuharu Hoshino scores Chris Pryor scores
|
Pitching: RHP Kenshin Kubota
|
|
Batting: RHB Miguel Hernández
|
0-0: Ball 1-0: Swinging Strike 1-1: Ball 2-1: Swinging Strike 2-2: Foul Ball, location: 2F 2-2: Ball 3-2: Foul Ball, location: 2F 3-2: Foul Ball, location: 2F 3-2: Base on Balls
|
Batting: SHB Víctor Serrano
|
0-0: Ball 1-0: Fly out, F8 (Flyball, 8LXD)
|
Top of the 9th over - 4 run(s), 3 hit(s), 0 error(s), 2 left on base; Amarillo 5 - Otsego 4 |
|